Map: [ESL] Cosmic Sapphire

Players

PappiJoe - Winner!

  • Race: Protoss Protoss
  • Spawn Location: 11:00

AZTEX

  • Race: Protoss Protoss
  • Spawn Location: 5:00

Event: DreamHack SC2 Masters 2022 Valencia

VOD

Have the link to the VOD?

Description

Time

  • Played on: July 1, 2022, 1:46 p.m.
  • Length: 6:07

All games in this series

Show
View Real Time Build Order
Export as new Build Order

PappiJoe Protoss - Winner!

Build Orders:  

Get SALT Encoding   

  12  0:00  Probe  
  13  0:12  Probe  
  14  0:18  Pylon  
  14  0:24  Probe  
  14  0:28  Assimilator  
  15  0:37  Gateway  
  15  0:39  Probe (Chrono Boost)  
  16  0:49  Probe (Chrono Boost), Assimilator  
  17  0:54  Probe (Chrono Boost)  
  18  0:59  Assimilator  
  18  1:06  Probe  
  19  1:12  Gateway  
  19  1:19  Probe  
  20  1:25  Cybernetics Core  
  20  1:32  Probe (Chrono Boost)  
  21  1:41  Pylon  
  21  1:42  Probe (Chrono Boost)  
  21  1:47  Probe (Chrono Boost)  
  23  2:05  Robotics Facility  
  23  2:07  Stalker  
  25  2:10  Stalker  
  27  2:17  Warp Gate  
  27  2:23  Pylon  
  27  2:37  Stalker  
  28  2:46  Stalker  
  30  2:52  Immortal (Chrono Boost)  
  34  3:04  Gateway  
  34  3:20  Warp Prism (Chrono Boost)  
  36  3:29  Pylon  
  36  3:35  Sentry  
  38  4:00  Immortal  
  42  4:15  Stalker  
  44  4:19  Stalker  
  46  4:24  Pylon  
  46  4:43  Immortal  
  46  4:44  Adept  
  46  4:45  Sentry  
  54  4:54  Probe  
  54  4:56  Pylon  
  55  5:17  Pylon  
  55  5:18  Adept x2  
  55  5:19  Pylon, Adept  
  59  5:43  Adept x3  
  60  6:04  Zealot x2  
  60  6:05  Zealot  
Show
View Real Time Build Order
Export as new Build Order

AZTEX Protoss 

Build Orders:  

Get SALT Encoding   

  12  0:00  Probe  
  13  0:12  Probe  
  14  0:17  Pylon  
  14  0:24  Probe (Chrono Boost)  
  15  0:37  Probe (Chrono Boost)  
  15  0:40  Gateway  
  16  0:45  Probe (Chrono Boost)  
  16  0:47  Assimilator  
  17  0:51  Probe  
  17  0:56  Assimilator  
  18  1:03  Probe  
  19  1:10  Gateway  
  19  1:15  Probe  
  20  1:27  Cybernetics Core  
  20  1:29  Probe (Chrono Boost)  
  21  1:33  Pylon  
  21  1:42  Probe (Chrono Boost)  
  22  1:50  Probe (Chrono Boost)  
  23  1:56  Probe  
  24  2:05  Stalker  
  24  2:07  Stalker  
  24  2:08  Probe  
  29  2:18  Warp Gate (Chrono Boost), Pylon  
  29  2:20  Probe  
  32  2:37  Stalker, Sentry  
  34  2:54  Nexus  
  34  3:03  Twilight Council  
  34  3:07  Probe  
  35  3:15  Shield Battery  
  35  3:19  Probe  
  35  3:28  Stalker  
  35  3:32  Probe  
  38  3:40  Robotics Facility  
  38  3:44  Probe  
  39  3:53  Stalker  
  38  4:02  Shield Battery  
  33  4:13  Gateway  
  29  4:21  Pylon, Shield Battery  
  29  4:34  Sentry, Immortal (Chrono Boost)  
  35  4:42  Sentry  
  36  4:49  Pylon  
  36  5:00  Stalker  
  38  5:08  Pylon  
  38  5:26  Immortal (Chrono Boost)  
  38  5:27  Pylon  
  42  5:41  Stalker x2  

Tags
 
Add a new tag
Caveats
  • Supply blocks, unpowered buildings, or Contaminate may cause inaccurate times.
  • Supply counts are checked every 10 seconds.